Penguins vs Whalers
Created - 10 avril 2013 at 23:34
Goals
|
| Penguins |
0 |
1 |
2 |
3 |
| Whalers |
1 |
1 |
3 |
5 |
|
Shots
|
| Penguins |
17 |
8 |
9 |
34 |
| Whalers |
14 |
8 |
13 |
35 |
|
1st period
1. Whalers , Nils Ekman 10 (Todd Bertuzzi) at 4:52
Penalties :
Andrew Murray (Har) for Tripping (Minor) at 4:50, Carlo Colaiacovo (Pit) for Hooking (Minor) at 4:50, Dainius Zubrus (Pit) for Tripping (Minor) at 8:13
2nd period
2. Whalers , Michael Rupp 11 (Nils Ekman) at 15:17
3. Penguins , Ben Eager 2 (Darcy Tucker, Riley Armstrong) at 19:57
Penalties :
Ryan Getzlaf (Pit) for Hooking (Minor) at 7:54, Richard Park (Har) for Holding (Minor) at 17:13
3rd period
4. Whalers , Paul Gaustad 14 (Chad Kilger, Sami Kapanen) at 0:53
5. Penguins , T.J. Hensick 8 (Mike Watt, Ruslan Fedotenko) at 3:18
6. Whalers , Jay McKee 3 (Stephane Robidas, Ray Whitney) at 3:57 (PP)
7. Penguins , Taylor Pyatt 25 (Dainius Zubrus, Ryan Kesler) at 10:12 (PP)
8. Whalers , Paul Gaustad 15 (Sami Kapanen, Vitaly Vishnevsky) at 14:51
Penalties :
Dainius Zubrus (Pit) for Hooking (Minor) at 3:23, Richard Park (Har) for Hooking (Minor) at 8:29
Goalie Stats
Jason LaBarbera (Pit), 30 saves from 35 shots - (0,857), L, 5-8-2, 60:00 minutes
Jonas Hiller (Har), 31 saves from 34 shots - (0,912), W, 14-27-4, 60:00 minutes
Players Stats for Penguins
Player Name G A P +/- PIM S H SB GA TA FO MP PP MP PK MP
------------------------------------------------------------------------------------
Andreas Johansson 0 0 0 0 0 0 2 1 0 2 0/0 18:43 1:56 0:37
Andy Delmore 0 0 0 1 0 2 2 1 0 3 0/0 20:47 0:00 1:40
Ben Eager 1 0 1 1 0 1 2 0 1 0 0/0 9:22 0:02 2:25
Carlo Colaiacovo 0 0 0 -2 2 0 2 3 0 1 0/0 20:55 2:20 2:32
Dainius Zubrus 0 1 1 -2 4 1 1 1 0 1 3/4 19:29 1:44 0:00
Dan Hamhuis 0 0 0 0 0 1 1 2 0 0 0/0 17:51 1:22 1:40
Darcy Tucker 0 1 1 1 0 2 1 0 0 0 0/0 8:30 0:02 1:12
Marc-Édouard Vlasic 0 0 0 0 0 1 1 1 1 1 0/0 23:47 2:20 0:00
Martin Skoula 0 0 0 -2 0 0 1 1 0 0 0/0 18:01 0:00 2:52
Mike Watt 0 1 1 -1 0 1 2 0 0 0 0/0 10:24 0:00 0:00
Riley Armstrong 0 1 1 1 0 2 0 0 0 0 1/1 8:31 0:02 1:23
Ruslan Fedotenko 0 1 1 -1 0 1 0 0 0 0 0/0 11:42 0:00 1:04
Ryan Getzlaf 0 0 0 -1 2 0 4 2 0 0 10/25 19:06 1:56 0:00
Ryan Kesler 0 1 1 -1 0 3 2 1 0 0 12/20 18:44 1:44 0:00
Steve Staios 0 0 0 -1 0 3 1 2 0 1 0/0 18:38 1:22 0:20
T.J. Hensick 1 0 1 -1 0 8 1 0 0 0 7/7 12:47 0:00 2:23
Taylor Pyatt 1 0 1 -1 0 4 2 0 0 0 0/0 18:46 1:44 0:00
Ted Purcell 0 0 0 0 0 4 1 0 0 0 0/1 17:22 1:56 0:00
Players Stats for Whalers
Player Name G A P +/- PIM S H SB GA TA FO MP PP MP PK MP
------------------------------------------------------------------------------------
Andrew Murray 0 0 0 0 2 2 2 0 0 0 2/3 9:08 0:00 0:24
Andy McDonald 0 0 0 0 0 3 2 0 3 0 4/5 20:43 2:20 1:02
Chad Kilger 0 1 1 1 0 0 1 0 0 0 0/0 12:09 0:00 0:37
Chris Kelly 0 0 0 0 0 1 2 0 1 0 9/26 19:48 2:20 0:31
Jay McKee 1 0 1 0 0 2 1 0 0 0 0/0 19:05 1:42 1:25
Keith Ballard 0 0 0 -1 0 0 0 0 0 0 0/0 12:31 0:00 0:00
Mark Eaton 0 0 0 0 0 0 1 0 0 0 0/0 19:05 1:42 1:25
Michael Rupp 1 0 1 0 0 2 2 1 1 0 3/9 15:33 2:04 0:00
Niklas Hagman 0 0 0 0 0 1 0 0 2 0 0/0 7:26 0:00 0:00
Nils Ekman 1 1 2 1 0 6 0 0 1 0 1/2 19:42 2:04 2:22
Paul Gaustad 2 0 2 1 0 5 2 1 0 0 1/5 11:51 0:08 0:00
Ray Whitney 0 1 1 0 0 1 1 2 0 0 0/1 15:33 2:04 0:00
Richard Jackman 0 0 0 -1 0 1 0 0 0 0 0/0 12:31 0:00 0:00
Richard Park 0 0 0 0 4 0 1 0 0 0 0/0 8:42 0:08 0:00
Sami Kapanen 0 2 2 1 0 3 3 2 0 0 0/0 11:51 0:08 0:00
Stephane Robidas 0 1 1 3 0 1 4 2 1 1 0/0 28:24 2:50 2:17
Todd Bertuzzi 0 1 1 1 0 5 1 0 0 1 5/7 21:50 2:20 2:28
Vitaly Vishnevsky 0 1 1 3 0 2 4 1 0 0 0/0 28:24 2:50 2:17
3 Stars
1 - Paul Gaustad (Har)
2 - Stephane Robidas (Har)
3 - Vitaly Vishnevsky (Har)
Power Play
Penguins - 1 on 2 Attempt(s) - 50,00%
Whalers - 1 on 3 Attempt(s) - 33,33%
Penalty Kill
Penguins - 2 on 3 Attempt(s) - 66,67%
- Score 0 goal in Penalty Kill
Whalers - 1 on 2 Attempt(s) - 50,00%
- Score 0 goal in Penalty Kill
Official
Referees : Kozari Steve and Watson Brad
Linesman : Derek Amell and Steve Barton
Game Notes
15:52 of 2nd period - Whalers goal is going for a video replay. After video review, No Goal. The goalkeeper has been pushed into the net together with the puck after making a save.
Finance
Level 1 -- Attendance: 4752 (79,20%) -- Ticket Income 427 680 $
Level 2 -- Attendance: 4615 (92,30%) -- Ticket Income 230 750 $
Level 3 -- Attendance: 1645 (82,25%) -- Ticket Income 49 350 $
Level 4 -- Attendance: 3575 (89,38%) -- Ticket Income 60 775 $
Luxury Box -- Attendance: 784 (78,40%) -- Ticket Income 141 120 $
Total Attendance: 15371 (85,39%)
Total Ticket Income: 909 675 $
Total Income: 909 675 $
Penguins
5 vs 5 Forward
Center Left Wing Right Wing Time % Phy DF OF
1 Ryan Kesler Andreas Johansson Ted Purcell 38 0 1 4
2 Ryan Getzlaf Taylor Pyatt Dainius Zubrus 38 0 1 4
3 T.J. Hensick Ruslan Fedotenko Mike Watt 17 0 1 4
4 Riley Armstrong Ben Eager Darcy Tucker 7 0 1 4
5 vs 5 Defense
Defense Defense Time % Phy DF OF
1 Andy Delmore Marc-Édouard Vlasic 40 0 1 4
2 Carlo Colaiacovo Martin Skoula 30 0 1 4
3 Dan Hamhuis Steve Staios 20 0 1 4
4 Steve Staios Marc-Édouard Vlasic 10 0 1 4
PowerPlay Forward
Center Left Wing Right Wing Time % Phy DF OF
1 Ryan Getzlaf Andreas Johansson Ted Purcell 60 0 1 4
2 Ryan Kesler Taylor Pyatt Dainius Zubrus 40 0 1 4
PowerPlay Defense
Defense Defense Time % Phy DF OF
1 Carlo Colaiacovo Marc-Édouard Vlasic 60 0 1 4
2 Dan Hamhuis Steve Staios 40 1 1 3
Penalty Kill 4 Players Forward
Center Wing Time % Phy DF OF
1 T.J. Hensick Ben Eager 60 0 1 4
2 Riley Armstrong Darcy Tucker 40 0 1 4
Penalty Kill 4 Players Defense
Defense Defense Time % Phy DF OF
1 Carlo Colaiacovo Martin Skoula 60 1 1 3
2 Andy Delmore Dan Hamhuis 40 1 1 3
Penalty Kill - 3 Players Forward
Forward Time % Phy DF OF
1 Ben Eager 60 1 1 3
2 Riley Armstrong 40 1 1 3
Penalty Kill - 3 Players Defense
Defense Defense Time % Phy DF OF
1 Steve Staios Carlo Colaiacovo 60 1 1 3
2 Dan Hamhuis Martin Skoula 40 1 1 3
4 vs 4 Forward
Center Wing Time % Phy DF OF
1 Ryan Kesler Dainius Zubrus 60 0 1 4
2 Ryan Getzlaf Taylor Pyatt 40 0 1 4
4 vs 4 Defense
Defense Defense Time % Phy DF OF
1 Steve Staios Marc-Édouard Vlasic 60 0 1 4
2 Dan Hamhuis Carlo Colaiacovo 40 0 1 4
Last Minutes Offensive
Center Left Wing Right Wing Defense Defense
Ryan Kesler Taylor Pyatt Ted Purcell Carlo Colaiacovo Marc-Édouard Vlasic
Last Minutes Defensive
Center Left Wing Right Wing Defense Defense
Ryan Kesler Ruslan Fedotenko Ted Purcell Dan Hamhuis Steve Staios
Goaltenders
Starting : Jason LaBarbera
Backup : Brian Elliott
Extra Forwards
Normal : Ryan Getzlaf, Ryan Kesler, Taylor Pyatt - PP : Ryan Getzlaf, Ryan Kesler - PK : Ruslan Fedotenko
Extra Defensemen
Normal : Carlo Colaiacovo, Steve Staios, Dan Hamhuis - PP : Marc-Édouard Vlasic - PK : Steve Staios, Dan Hamhuis
Penalty Shots
Ryan Kesler, Ryan Getzlaf, Riley Armstrong, Dainius Zubrus, Taylor Pyatt
Whalers
5 vs 5 Forward
Center Left Wing Right Wing Time % Phy DF OF
1 Chris Kelly Andy McDonald Todd Bertuzzi 40 1 2 2
2 Michael Rupp Ray Whitney Nils Ekman 30 1 2 2
3 Paul Gaustad Chad Kilger Sami Kapanen 20 1 2 2
4 Andrew Murray Niklas Hagman Richard Park 10 1 2 2
5 vs 5 Defense
Defense Defense Time % Phy DF OF
1 Stephane Robidas Vitaly Vishnevsky 40 1 2 2
2 Jay McKee Mark Eaton 30 1 2 2
3 Richard Jackman Keith Ballard 20 1 2 2
4 Stephane Robidas Vitaly Vishnevsky 10 1 2 2
PowerPlay Forward
Center Left Wing Right Wing Time % Phy DF OF
1 Chris Kelly Andy McDonald Todd Bertuzzi 60 1 2 2
2 Michael Rupp Ray Whitney Nils Ekman 40 1 2 2
PowerPlay Defense
Defense Defense Time % Phy DF OF
1 Stephane Robidas Vitaly Vishnevsky 60 1 2 2
2 Jay McKee Mark Eaton 40 1 2 2
Penalty Kill 4 Players Forward
Center Wing Time % Phy DF OF
1 Todd Bertuzzi Nils Ekman 60 1 2 2
2 Andy McDonald Chris Kelly 40 1 2 2
Penalty Kill 4 Players Defense
Defense Defense Time % Phy DF OF
1 Stephane Robidas Vitaly Vishnevsky 60 1 2 2
2 Jay McKee Mark Eaton 40 1 2 2
Penalty Kill - 3 Players Forward
Forward Time % Phy DF OF
1 Todd Bertuzzi 60 1 2 2
2 Nils Ekman 40 1 2 2
Penalty Kill - 3 Players Defense
Defense Defense Time % Phy DF OF
1 Stephane Robidas Vitaly Vishnevsky 60 1 2 2
2 Jay McKee Mark Eaton 40 1 2 2
4 vs 4 Forward
Center Wing Time % Phy DF OF
1 Todd Bertuzzi Nils Ekman 60 1 2 2
2 Andy McDonald Chris Kelly 40 1 2 2
4 vs 4 Defense
Defense Defense Time % Phy DF OF
1 Stephane Robidas Vitaly Vishnevsky 60 1 2 2
2 Jay McKee Mark Eaton 40 1 2 2
Last Minutes Offensive
Center Left Wing Right Wing Defense Defense
Chris Kelly Andy McDonald Todd Bertuzzi Stephane Robidas Vitaly Vishnevsky
Last Minutes Defensive
Center Left Wing Right Wing Defense Defense
Chris Kelly Andy McDonald Todd Bertuzzi Stephane Robidas Vitaly Vishnevsky
Goaltenders
Starting : Jonas Hiller
Backup : Dan Cloutier
Extra Forwards
Normal : Paul Gaustad, Sami Kapanen, Chad Kilger - PP : Paul Gaustad, Sami Kapanen - PK : Chad Kilger
Extra Defensemen
Normal : Richard Jackman, Keith Ballard, Jay McKee - PP : Richard Jackman - PK : Keith Ballard, Jay McKee
Penalty Shots
Todd Bertuzzi, Nils Ekman, Andy McDonald, Chris Kelly, Michael Rupp
% Time on Ice - Penguins
Lines # - Real PCT - Wanted PCT - Time Play
Normal Forward
1 - 32% - 38% - 16:04
2 - 33% - 38% - 16:39
3 - 21% - 17% - 10:24
4 - 13% - 7% - 6:40
Normal Defense
1 - 39% - 40% - 19:16
2 - 31% - 30% - 15:29
3 - 23% - 20% - 11:33
4 - 7% - 10% - 3:29
PP Forward
1 - 53% - 60% - 1:58
2 - 47% - 40% - 1:44
PP Defense
1 - 63% - 60% - 2:20
2 - 37% - 40% - 1:22
PK Forward
1 - 74% - 60% - 3:20
2 - 26% - 40% - 1:12
PK Defense
1 - 63% - 60% - 2:52
2 - 37% - 40% - 1:40
PK3 Forward
1 - 0% - 60%
2 - 0% - 40%
PK3 Defense
1 - 0% - 60%
2 - 0% - 40%
44 Forward
1 - 63% - 60% - 1:15
2 - 37% - 40% - 0:44
44 Defense
1 - 50% - 60% - 0:59
2 - 50% - 40% - 1:00
Last Minute Offensive - 0:00
Last Minute Defensive - 0:00
Total
Forward - 60:00
Defense - 60:00
|
% Time on Ice - Whalers
Lines # - Real PCT - Wanted PCT - Time Play
Normal Forward
1 - 33% - 40% - 16:36
2 - 29% - 30% - 14:33
3 - 22% - 20% - 11:12
4 - 15% - 10% - 7:26
Normal Defense
1 - 40% - 40% - 19:53
2 - 30% - 30% - 14:58
3 - 25% - 20% - 12:31
4 - 5% - 10% - 2:25
PP Forward
1 - 54% - 60% - 2:28
2 - 46% - 40% - 2:04
PP Defense
1 - 63% - 60% - 2:50
2 - 38% - 40% - 1:42
PK Forward
1 - 86% - 60% - 3:11
2 - 14% - 40% - 0:31
PK Defense
1 - 62% - 60% - 2:17
2 - 38% - 40% - 1:25
PK3 Forward
1 - 0% - 60%
2 - 0% - 40%
PK3 Defense
1 - 0% - 60%
2 - 0% - 40%
44 Forward
1 - 61% - 60% - 1:12
2 - 39% - 40% - 0:47
44 Defense
1 - 50% - 60% - 0:59
2 - 50% - 40% - 1:00
Last Minute Offensive - 0:00
Last Minute Defensive - 0:00
Total
Forward - 60:00
Defense - 60:00
|
Play by Play
1st period
0:01 of 1st period - Ryan Kesler wins face-off versus Chris Kelly in neutral zone.
0:57 of 1st period - Mark Eaton is hit by Martin Skoula.
1:20 of 1st period - Off-side.
1:21 of 1st period - Ryan Kesler wins face-off versus Chris Kelly in neutral zone.
1:28 of 1st period - Slapshot by Ryan Kesler.
1:28 of 1st period - Deflect By Ted Purcell.
1:28 of 1st period - Stopped by Jonas Hiller with a rebound.
1:30 of 1st period - Backhand shot by Ryan Kesler.
1:30 of 1st period - Stopped by Jonas Hiller without a rebound.
1:31 of 1st period - Andy McDonald wins face-off versus Ryan Getzlaf in Whalers zone.
1:45 of 1st period - Steve Staios is hit by Chris Kelly and loses puck.
1:52 of 1st period - Slapshot by Todd Bertuzzi.
1:52 of 1st period - Stopped by Jason LaBarbera with a rebound.
2:00 of 1st period - Wrist shot by Andy McDonald.
2:00 of 1st period - Shot Misses the Net.
2:02 of 1st period - Slapshot by Keith Ballard.
2:02 of 1st period - Shot Blocked by Steve Staios.
2:04 of 1st period - Slapshot by Richard Jackman.
2:04 of 1st period - Shot Blocked by Dan Hamhuis.
2:06 of 1st period - Slapshot by Keith Ballard.
2:06 of 1st period - Shot Misses the Net.
2:08 of 1st period - Slapshot by Richard Jackman.
2:08 of 1st period - Shot Blocked by Dan Hamhuis.
2:10 of 1st period - Slapshot by Chris Kelly.
2:10 of 1st period - Shot Misses the Net.
2:12 of 1st period - Wrist shot by Andy McDonald.
2:12 of 1st period - Shot Misses the Net.
2:14 of 1st period - Slapshot by Andy McDonald.
2:14 of 1st period - Shot Misses the Net.
2:16 of 1st period - Slapshot by Keith Ballard.
2:16 of 1st period - Shot Blocked by Ryan Getzlaf.
2:18 of 1st period - Snap shot by Todd Bertuzzi.
2:18 of 1st period - Shot Misses the Net.
3:04 of 1st period - Wrist shot by Ryan Getzlaf.
3:04 of 1st period - Shot Misses the Net.
3:16 of 1st period - Snap shot by Andy McDonald.
3:16 of 1st period - Stopped by Jason LaBarbera with a rebound.
3:18 of 1st period - Snap shot by Richard Jackman.
3:18 of 1st period - Stopped by Jason LaBarbera without a rebound.
3:19 of 1st period - Ryan Kesler wins face-off versus Nils Ekman in Penguins zone.
3:19 of 1st period - Ryan Kesler is hit by Vitaly Vishnevsky.
3:45 of 1st period - Stephane Robidas is hit by T.J. Hensick and loses puck.
3:50 of 1st period - Snap shot by T.J. Hensick.
3:50 of 1st period - Shot Misses the Net.
3:52 of 1st period - Snap shot by Ruslan Fedotenko.
3:52 of 1st period - Shot Misses the Net.
3:54 of 1st period - Slapshot by Ruslan Fedotenko.
3:54 of 1st period - Shot Blocked by Stephane Robidas.
3:56 of 1st period - Backhand shot by Andy Delmore.
3:56 of 1st period - Deflect By Mike Watt.
3:56 of 1st period - Stopped by Jonas Hiller with a rebound.
4:14 of 1st period - Slapshot by Riley Armstrong.
4:14 of 1st period - Deflect By Ben Eager.
4:14 of 1st period - Shot Misses the Net.
4:14 of 1st period - Puck is out of play.
4:15 of 1st period - Ryan Kesler wins face-off versus Michael Rupp in Whalers zone.
4:18 of 1st period - Snap shot by Ted Purcell.
4:18 of 1st period - Shot Misses the Net.
4:40 of 1st period - Ted Purcell is hit by Richard Park and loses puck.
4:50 of 1st period - Minor Penalty to Andrew Murray for Tripping.
4:50 of 1st period - Minor Penalty to Carlo Colaiacovo for Hooking.
4:51 of 1st period - Todd Bertuzzi wins face-off versus Ryan Kesler in Penguins zone.
4:52 of 1st period - Wrist shot by Nils Ekman.
4:52 of 1st period - Goal by Nils Ekman - Penguins : 0 - Whalers : 1.
4:53 of 1st period - Todd Bertuzzi wins face-off versus Ryan Kesler in neutral zone.
5:00 of 1st period - Wrist shot by Nils Ekman.
5:00 of 1st period - Stopped by Jason LaBarbera with a rebound.
5:02 of 1st period - Wrist shot by Todd Bertuzzi.
5:02 of 1st period - Stopped by Jason LaBarbera with a rebound.
5:04 of 1st period - Slapshot by Vitaly Vishnevsky.
5:04 of 1st period - Shot Blocked by Dainius Zubrus.
5:06 of 1st period - Slapshot by Vitaly Vishnevsky.
5:06 of 1st period - Stopped by Jason LaBarbera with a rebound.
5:29 of 1st period - Slapshot by Ryan Kesler.
5:29 of 1st period - Stopped by Jonas Hiller without a rebound.
5:30 of 1st period - Andy McDonald wins face-off versus Ryan Getzlaf in Whalers zone.
6:00 of 1st period - Snap shot by Chris Kelly.
6:00 of 1st period - Stopped by Jason LaBarbera with a rebound.
6:11 of 1st period - Icing by Chris Kelly.
6:12 of 1st period - Dainius Zubrus wins face-off versus Todd Bertuzzi in Whalers zone.
6:28 of 1st period - Todd Bertuzzi is hit by Ryan Getzlaf and loses puck.
6:50 of 1st period - Penalty to Andrew Murray is over, Andrew Murray is back on ice.
6:50 of 1st period - Penalty to Carlo Colaiacovo is over, Carlo Colaiacovo is back on ice.
7:01 of 1st period - Slapshot by Mike Watt.
7:01 of 1st period - Shot Misses the Net.
7:03 of 1st period - Snap shot by Steve Staios.
7:03 of 1st period - Deflect By Vitaly Vishnevsky.
7:03 of 1st period - Stopped by Jonas Hiller with a rebound.
7:05 of 1st period - Slapshot by Steve Staios.
7:05 of 1st period - Stopped by Jonas Hiller with a rebound.
7:17 of 1st period - Wrist shot by Ben Eager.
7:17 of 1st period - Shot Misses the Net.
7:25 of 1st period - Wrist shot by Riley Armstrong.
7:25 of 1st period - Stopped by Jonas Hiller without a rebound.
7:26 of 1st period - Andrew Murray wins face-off versus Ryan Kesler in Whalers zone.
7:33 of 1st period - Wrist shot by Andrew Murray.
7:33 of 1st period - Stopped by Jason LaBarbera with a rebound.
7:35 of 1st period - Slapshot by Mark Eaton.
7:35 of 1st period - Shot Blocked by Carlo Colaiacovo.
7:37 of 1st period - Wrist shot by Jay McKee.
7:37 of 1st period - Stopped by Jason LaBarbera without a rebound.
7:38 of 1st period - Ryan Kesler wins face-off versus Michael Rupp in Penguins zone.
8:13 of 1st period - Minor Penalty to Dainius Zubrus for Tripping.
8:14 of 1st period - T.J. Hensick wins face-off versus Chris Kelly in Penguins zone.
8:14 of 1st period - T.J. Hensick is hit by Vitaly Vishnevsky.
8:35 of 1st period - Carlo Colaiacovo is hit by Andy McDonald and loses puck.
10:13 of 1st period - Penalty to Dainius Zubrus is over, Dainius Zubrus is back on ice.
10:17 of 1st period - Andreas Johansson is hit by Paul Gaustad and loses puck.
10:34 of 1st period - Snap shot by Dainius Zubrus.
10:34 of 1st period - Shot Misses the Net.
10:36 of 1st period - Wrist shot by Dan Hamhuis.
10:36 of 1st period - Shot Misses the Net.
10:38 of 1st period - Snap shot by Ryan Getzlaf.
10:38 of 1st period - Shot Misses the Net.
10:59 of 1st period - Steve Staios is hit by Sami Kapanen.
11:22 of 1st period - Off-side.
11:23 of 1st period - T.J. Hensick wins face-off versus Andrew Murray in neutral zone.
11:34 of 1st period - T.J. Hensick is hit by Stephane Robidas and loses puck.
11:51 of 1st period - Ray Whitney is hit by Ryan Getzlaf and loses puck.
12:00 of 1st period - Andy Delmore is hit by Michael Rupp and loses puck.
12:11 of 1st period - Jay McKee is hit by Andreas Johansson and loses puck.
12:30 of 1st period - Paul Gaustad is hit by Darcy Tucker and loses puck.
12:37 of 1st period - Ben Eager is hit by Paul Gaustad and loses puck.
12:56 of 1st period - T.J. Hensick is hit by Andrew Murray and loses puck.
13:09 of 1st period - Mark Eaton is hit by Taylor Pyatt and loses puck.
13:26 of 1st period - Dan Hamhuis is hit by Jay McKee and loses puck.
14:14 of 1st period - Steve Staios is hit by Vitaly Vishnevsky.
14:31 of 1st period - Niklas Hagman is hit by Dainius Zubrus.
14:47 of 1st period - Snap shot by Michael Rupp.
14:47 of 1st period - Shot Misses the Net.
14:51 of 1st period - Wrist shot by Nils Ekman.
14:51 of 1st period - Shot Misses the Net.
14:53 of 1st period - Wrist shot by Nils Ekman.
14:53 of 1st period - Stopped by Jason LaBarbera with a rebound.
15:33 of 1st period - Wrist shot by T.J. Hensick.
15:33 of 1st period - Stopped by Jonas Hiller without a rebound.
15:34 of 1st period - T.J. Hensick wins face-off versus Michael Rupp in Whalers zone.
15:37 of 1st period - Snap shot by T.J. Hensick.
15:37 of 1st period - Shot Misses the Net.
15:39 of 1st period - Backhand shot by Marc-Édouard Vlasic.
15:39 of 1st period - Shot Blocked by Michael Rupp.
15:59 of 1st period - Snap shot by T.J. Hensick.
15:59 of 1st period - Stopped by Jonas Hiller with a rebound.
16:01 of 1st period - Snap shot by Ruslan Fedotenko.
16:01 of 1st period - Stopped by Jonas Hiller with a rebound.
16:03 of 1st period - Slapshot by Dan Hamhuis.
16:03 of 1st period - Stopped by Jonas Hiller with a rebound.
16:15 of 1st period - Wrist shot by Nils Ekman.
16:15 of 1st period - Shot Misses the Net.
16:21 of 1st period - Nils Ekman is hit by Mike Watt and loses puck.
16:32 of 1st period - Snap shot by T.J. Hensick.
16:32 of 1st period - Stopped by Jonas Hiller with a rebound.
16:38 of 1st period - Wrist shot by T.J. Hensick.
16:38 of 1st period - Stopped by Jonas Hiller with a rebound.
16:42 of 1st period - Wrist shot by T.J. Hensick.
16:42 of 1st period - Stopped by Jonas Hiller with a rebound.
16:48 of 1st period - Slapshot by T.J. Hensick.
16:48 of 1st period - Stopped by Jonas Hiller without a rebound.
16:49 of 1st period - Chris Kelly wins face-off versus Dainius Zubrus in Whalers zone.
17:02 of 1st period - Slapshot by Andy McDonald.
17:02 of 1st period - Stopped by Jason LaBarbera without a rebound.
17:03 of 1st period - Ryan Kesler wins face-off versus Andy McDonald in Penguins zone.
17:20 of 1st period - Vitaly Vishnevsky is hit by Carlo Colaiacovo and loses puck.
17:38 of 1st period - Snap shot by Taylor Pyatt.
17:38 of 1st period - Stopped by Jonas Hiller with a rebound.
17:40 of 1st period - Snap shot by Taylor Pyatt.
17:40 of 1st period - Deflect By Dainius Zubrus.
17:40 of 1st period - Stopped by Jonas Hiller without a rebound.
17:41 of 1st period - Andrew Murray wins face-off versus Ryan Kesler in Whalers zone.
18:08 of 1st period - Chris Kelly is hit by Ryan Getzlaf and loses puck.
18:19 of 1st period - Snap shot by Taylor Pyatt.
18:19 of 1st period - Shot Misses the Net.
18:59 of 1st period - Vitaly Vishnevsky is hit by Steve Staios and loses puck.
19:19 of 1st period - Snap shot by Riley Armstrong.
19:19 of 1st period - Shot Blocked by Sami Kapanen.
19:47 of 1st period - Snap shot by Sami Kapanen.
19:47 of 1st period - Stopped by Jason LaBarbera with a rebound.
19:59 of 1st period - Snap shot by Paul Gaustad.
19:59 of 1st period - Stopped by Jason LaBarbera without a rebound.
2nd period
0:01 of 2nd period - Chris Kelly wins face-off versus Ryan Kesler in neutral zone.
0:16 of 2nd period - Snap shot by Ryan Kesler.
0:16 of 2nd period - Deflect By Andreas Johansson.
0:16 of 2nd period - Shot Misses the Net.
0:16 of 2nd period - Puck is out of play.
0:17 of 2nd period - Ryan Getzlaf wins face-off versus Michael Rupp in Whalers zone.
1:13 of 2nd period - Andy Delmore is hit by Sami Kapanen and loses puck.
1:49 of 2nd period - Ray Whitney is hit by Ben Eager.
2:09 of 2nd period - Snap shot by Chris Kelly.
2:09 of 2nd period - Shot Misses the Net.
2:25 of 2nd period - Dan Hamhuis is hit by Vitaly Vishnevsky and loses puck.
2:36 of 2nd period - Slapshot by Ted Purcell.
2:36 of 2nd period - Stopped by Jonas Hiller with a rebound.
3:04 of 2nd period - Slapshot by Ted Purcell.
3:04 of 2nd period - Shot Misses the Net.
3:06 of 2nd period - Wrist shot by Ted Purcell.
3:06 of 2nd period - Shot Misses the Net.
3:08 of 2nd period - Snap shot by Dan Hamhuis.
3:08 of 2nd period - Shot Blocked by Sami Kapanen.
3:19 of 2nd period - Wrist shot by Sami Kapanen.
3:19 of 2nd period - Stopped by Jason LaBarbera with a rebound.
3:21 of 2nd period - Wrist shot by Paul Gaustad.
3:21 of 2nd period - Shot Blocked by Carlo Colaiacovo.
3:23 of 2nd period - Slapshot by Stephane Robidas.
3:23 of 2nd period - Shot Misses the Net.
3:25 of 2nd period - Wrist shot by Sami Kapanen.
3:25 of 2nd period - Stopped by Jason LaBarbera without a rebound.
3:26 of 2nd period - Ryan Getzlaf wins face-off versus Chris Kelly in Penguins zone.
4:18 of 2nd period - Wrist shot by Niklas Hagman.
4:18 of 2nd period - Stopped by Jason LaBarbera with a rebound.
5:07 of 2nd period - Icing by Mark Eaton.
5:08 of 2nd period - Chris Kelly wins face-off versus Ryan Getzlaf in Whalers zone.
6:01 of 2nd period - Wrist shot by Andrew Murray.
6:01 of 2nd period - Stopped by Jason LaBarbera with a rebound.
6:17 of 2nd period - Slapshot by Ted Purcell.
6:17 of 2nd period - Stopped by Jonas Hiller without a rebound.
6:18 of 2nd period - Andy McDonald wins face-off versus Ryan Getzlaf in Whalers zone.
6:31 of 2nd period - Slapshot by Andy McDonald.
6:31 of 2nd period - Shot Hit the Post.
7:24 of 2nd period - Chris Kelly is hit by Mike Watt and loses puck.
7:32 of 2nd period - Slapshot by Steve Staios.
7:32 of 2nd period - Shot Misses the Net.
7:44 of 2nd period - Andy Delmore is hit by Michael Rupp and loses puck.
7:54 of 2nd period - Minor Penalty to Ryan Getzlaf for Hooking.
7:55 of 2nd period - T.J. Hensick wins face-off versus Chris Kelly in Penguins zone.
8:26 of 2nd period - Slapshot by Vitaly Vishnevsky.
8:26 of 2nd period - Stopped by Jason LaBarbera with a rebound.
8:28 of 2nd period - Snap shot by Ray Whitney.
8:28 of 2nd period - Stopped by Jason LaBarbera with a rebound.
8:30 of 2nd period - Slapshot by Vitaly Vishnevsky.
8:30 of 2nd period - Shot Misses the Net.
9:04 of 2nd period - Nils Ekman is hit by Dan Hamhuis and loses puck.
9:27 of 2nd period - Stephane Robidas is hit by Andreas Johansson and loses puck.
9:54 of 2nd period - Penalty to Ryan Getzlaf is over, Ryan Getzlaf is back on ice.
10:08 of 2nd period - Snap shot by Dainius Zubrus.
10:08 of 2nd period - Shot Misses the Net.
11:22 of 2nd period - Jay McKee is hit by Ben Eager and loses puck.
11:29 of 2nd period - Wrist shot by Riley Armstrong.
11:29 of 2nd period - Shot Misses the Net.
11:31 of 2nd period - Slapshot by Dan Hamhuis.
11:31 of 2nd period - Deflect By Darcy Tucker.
11:31 of 2nd period - Stopped by Jonas Hiller with a rebound.
12:30 of 2nd period - Dan Hamhuis is hit by Ray Whitney and loses puck.
13:17 of 2nd period - Ryan Kesler is hit by Andrew Murray and loses puck.
13:45 of 2nd period - Off-side.
13:46 of 2nd period - Todd Bertuzzi wins face-off versus Ryan Getzlaf in neutral zone.
14:15 of 2nd period - Snap shot by Andreas Johansson.
14:15 of 2nd period - Shot Blocked by Ray Whitney.
15:00 of 2nd period - Martin Skoula is hit by Chris Kelly and loses puck.
15:17 of 2nd period - Wrist shot by Michael Rupp.
15:17 of 2nd period - Goal by Michael Rupp - Penguins : 0 - Whalers : 2.
15:18 of 2nd period - Chris Kelly wins face-off versus Ryan Getzlaf in neutral zone.
15:24 of 2nd period - Marc-Édouard Vlasic is hit by Stephane Robidas.
15:26 of 2nd period - Snap shot by Ryan Getzlaf.
15:26 of 2nd period - Shot Misses the Net.
15:50 of 2nd period - Backhand shot by Michael Rupp.
15:50 of 2nd period - Shot Blocked by Andreas Johansson.
15:52 of 2nd period - Snap shot by Nils Ekman.
15:52 of 2nd period - Whalers goal is going for a video replay.
15:52 of 2nd period - The goal is refused. The goalkeeper has been pushed into the net together with the puck after making a save..
15:53 of 2nd period - Michael Rupp wins face-off versus Ryan Getzlaf in Penguins zone.
16:00 of 2nd period - Snap shot by Taylor Pyatt.
16:00 of 2nd period - Shot Blocked by Ray Whitney.
16:08 of 2nd period - Snap shot by Jay McKee.
16:08 of 2nd period - Shot Misses the Net.
16:46 of 2nd period - Backhand shot by Ruslan Fedotenko.
16:46 of 2nd period - Deflect By T.J. Hensick.
16:46 of 2nd period - Stopped by Jonas Hiller with a rebound.
16:48 of 2nd period - Wrist shot by T.J. Hensick.
16:48 of 2nd period - Shot Blocked by Paul Gaustad.
17:04 of 2nd period - Slapshot by Darcy Tucker.
17:04 of 2nd period - Stopped by Jonas Hiller with a rebound.
17:13 of 2nd period - Minor Penalty to Richard Park for Holding.
17:14 of 2nd period - Todd Bertuzzi wins face-off versus Ryan Getzlaf in Whalers zone.
17:25 of 2nd period - Slapshot by Steve Staios.
17:25 of 2nd period - Shot Misses the Net.
17:27 of 2nd period - Slapshot by Steve Staios.
17:27 of 2nd period - Stopped by Jonas Hiller with a rebound.
17:59 of 2nd period - Stephane Robidas is hit by Ryan Getzlaf and loses puck.
18:30 of 2nd period - Andy McDonald is hit by Taylor Pyatt and loses puck.
19:13 of 2nd period - Penalty to Richard Park is over, Richard Park is back on ice.
19:19 of 2nd period - Nils Ekman is hit by Carlo Colaiacovo and loses puck.
19:53 of 2nd period - Snap shot by Riley Armstrong.
19:53 of 2nd period - Stopped by Jonas Hiller without a rebound.
19:54 of 2nd period - Riley Armstrong wins face-off versus Paul Gaustad in Whalers zone.
19:57 of 2nd period - Slapshot by Ben Eager.
19:57 of 2nd period - Goal by Ben Eager - Penguins : 1 - Whalers : 2.
19:58 of 2nd period - Ryan Getzlaf wins face-off versus Chris Kelly in neutral zone.
3rd period
0:01 of 3rd period - Ryan Getzlaf wins face-off versus Chris Kelly in neutral zone.
0:26 of 3rd period - Michael Rupp is hit by Andy Delmore and loses puck.
0:53 of 3rd period - Snap shot by Paul Gaustad.
0:53 of 3rd period - Goal by Paul Gaustad - Penguins : 1 - Whalers : 3.
0:54 of 3rd period - Ryan Getzlaf wins face-off versus Chris Kelly in neutral zone.
1:07 of 3rd period - Backhand shot by Dainius Zubrus.
1:07 of 3rd period - Shot Misses the Net.
1:28 of 3rd period - Slapshot by Stephane Robidas.
1:28 of 3rd period - Deflect By Ray Whitney.
1:28 of 3rd period - Shot Blocked by Andy Delmore.
1:28 of 3rd period - Puck is out of play.
1:29 of 3rd period - Michael Rupp wins face-off versus Ryan Getzlaf in Penguins zone.
2:26 of 3rd period - Jay McKee is hit by Ryan Kesler and loses puck.
2:44 of 3rd period - Off-side.
2:45 of 3rd period - Ryan Getzlaf wins face-off versus Chris Kelly in neutral zone.
3:18 of 3rd period - Wrist shot by T.J. Hensick.
3:18 of 3rd period - Goal by T.J. Hensick - Penguins : 2 - Whalers : 3.
3:19 of 3rd period - Dainius Zubrus wins face-off versus Chris Kelly in neutral zone.
3:23 of 3rd period - Minor Penalty to Dainius Zubrus for Hooking.
3:24 of 3rd period - T.J. Hensick wins face-off versus Chris Kelly in Penguins zone.
3:55 of 3rd period - Slapshot by Stephane Robidas.
3:55 of 3rd period - Stopped by Jason LaBarbera with a rebound.
3:57 of 3rd period - Slapshot by Jay McKee.
3:57 of 3rd period - Goal by Jay McKee - Penguins : 2 - Whalers : 4.
3:58 of 3rd period - Dainius Zubrus wins face-off versus Chris Kelly in neutral zone.
4:09 of 3rd period - Snap shot by Stephane Robidas.
4:09 of 3rd period - Deflect By Todd Bertuzzi.
4:09 of 3rd period - Stopped by Jason LaBarbera without a rebound.
4:10 of 3rd period - Ryan Getzlaf wins face-off versus Chris Kelly in Penguins zone.
4:10 of 3rd period - Ryan Getzlaf is hit by Stephane Robidas.
5:24 of 3rd period - Snap shot by Niklas Hagman.
5:24 of 3rd period - Shot Blocked by Carlo Colaiacovo.
5:45 of 3rd period - Icing by Martin Skoula.
5:46 of 3rd period - Chris Kelly wins face-off versus Ryan Getzlaf in Penguins zone.
6:05 of 3rd period - Snap shot by Taylor Pyatt.
6:05 of 3rd period - Stopped by Jonas Hiller without a rebound.
6:06 of 3rd period - Ryan Kesler wins face-off versus Michael Rupp in Whalers zone.
6:28 of 3rd period - Icing by Jay McKee.
6:29 of 3rd period - Michael Rupp wins face-off versus Ryan Getzlaf in Whalers zone.
6:34 of 3rd period - Steve Staios is hit by Todd Bertuzzi and loses puck.
6:57 of 3rd period - Slapshot by Jay McKee.
6:57 of 3rd period - Shot Misses the Net.
6:59 of 3rd period - Slapshot by Paul Gaustad.
6:59 of 3rd period - Stopped by Jason LaBarbera with a rebound.
7:25 of 3rd period - Wrist shot by Andrew Murray.
7:25 of 3rd period - Shot Blocked by Ryan Kesler.
7:27 of 3rd period - Slapshot by Vitaly Vishnevsky.
7:27 of 3rd period - Shot Misses the Net.
7:59 of 3rd period - Wrist shot by Taylor Pyatt.
7:59 of 3rd period - Stopped by Jonas Hiller with a rebound.
8:21 of 3rd period - Ruslan Fedotenko is hit by Chad Kilger and loses puck.
8:29 of 3rd period - Minor Penalty to Richard Park for Hooking.
8:30 of 3rd period - Todd Bertuzzi wins face-off versus Ryan Kesler in Whalers zone.
8:35 of 3rd period - Slapshot by Stephane Robidas.
8:35 of 3rd period - Shot Blocked by Marc-Édouard Vlasic.
8:37 of 3rd period - Snap shot by Nils Ekman.
8:37 of 3rd period - Deflect By Todd Bertuzzi.
8:37 of 3rd period - Stopped by Jason LaBarbera with a rebound.
8:43 of 3rd period - Wrist shot by Nils Ekman.
8:43 of 3rd period - Stopped by Jason LaBarbera without a rebound.
8:44 of 3rd period - Ryan Getzlaf wins face-off versus Todd Bertuzzi in Penguins zone.
9:09 of 3rd period - Nils Ekman is hit by Marc-Édouard Vlasic.
9:38 of 3rd period - Slapshot by Andy McDonald.
9:38 of 3rd period - Shot Misses the Net.
9:40 of 3rd period - Slapshot by Chris Kelly.
9:40 of 3rd period - Deflect By Andy McDonald.
9:40 of 3rd period - Shot Misses the Net.
9:40 of 3rd period - Puck is out of play.
9:41 of 3rd period - Andy McDonald wins face-off versus Ted Purcell in Penguins zone.
9:44 of 3rd period - Wrist shot by Andy McDonald.
9:44 of 3rd period - Stopped by Jason LaBarbera without a rebound.
9:45 of 3rd period - Nils Ekman wins face-off versus Ryan Getzlaf in Penguins zone.
9:48 of 3rd period - Snap shot by Nils Ekman.
9:48 of 3rd period - Stopped by Jason LaBarbera with a rebound.
10:12 of 3rd period - Wrist shot by Taylor Pyatt.
10:12 of 3rd period - Goal by Taylor Pyatt - Penguins : 3 - Whalers : 4.
10:13 of 3rd period - Chris Kelly wins face-off versus Ryan Getzlaf in neutral zone.
10:49 of 3rd period - Wrist shot by Ted Purcell.
10:49 of 3rd period - Deflect By Ryan Kesler.
10:49 of 3rd period - Shot Misses the Net.
10:49 of 3rd period - Puck is out of play.
10:50 of 3rd period - Paul Gaustad wins face-off versus Ryan Kesler in Whalers zone.
10:50 of 3rd period - Paul Gaustad is hit by Ted Purcell.
10:56 of 3rd period - Snap shot by Sami Kapanen.
10:56 of 3rd period - Deflect By Martin Skoula.
10:56 of 3rd period - Shot Misses the Net.
10:56 of 3rd period - Puck is out of play.
10:57 of 3rd period - Ryan Kesler wins face-off versus Paul Gaustad in Penguins zone.
11:04 of 3rd period - Wrist shot by Sami Kapanen.
11:04 of 3rd period - Deflect By Paul Gaustad.
11:04 of 3rd period - Shot Misses the Net.
11:04 of 3rd period - Puck is out of play.
11:05 of 3rd period - Chris Kelly wins face-off versus Ryan Getzlaf in Penguins zone.
11:19 of 3rd period - Off-side.
11:20 of 3rd period - Ryan Kesler wins face-off versus Ray Whitney in neutral zone.
12:18 of 3rd period - Wrist shot by Sami Kapanen.
12:18 of 3rd period - Shot Blocked by Martin Skoula.
12:34 of 3rd period - Wrist shot by Andrew Murray.
12:34 of 3rd period - Shot Misses the Net.
12:47 of 3rd period - Carlo Colaiacovo is hit by Mark Eaton and loses puck.
13:26 of 3rd period - Icing by Chris Kelly.
13:27 of 3rd period - Ryan Kesler wins face-off versus Paul Gaustad in Whalers zone.
13:28 of 3rd period - Snap shot by Andreas Johansson.
13:28 of 3rd period - Shot Misses the Net.
13:54 of 3rd period - Todd Bertuzzi is hit by Andy Delmore.
13:58 of 3rd period - Snap shot by Todd Bertuzzi.
13:58 of 3rd period - Stopped by Jason LaBarbera without a rebound.
13:59 of 3rd period - Chris Kelly wins face-off versus Ryan Getzlaf in Penguins zone.
14:43 of 3rd period - Slapshot by Paul Gaustad.
14:43 of 3rd period - Stopped by Jason LaBarbera with a rebound.
14:45 of 3rd period - Slapshot by Chad Kilger.
14:45 of 3rd period - Shot Blocked by Steve Staios.
14:47 of 3rd period - Slapshot by Vitaly Vishnevsky.
14:47 of 3rd period - Shot Misses the Net.
14:49 of 3rd period - Snap shot by Sami Kapanen.
14:49 of 3rd period - Shot Misses the Net.
14:51 of 3rd period - Slapshot by Paul Gaustad.
14:51 of 3rd period - Goal by Paul Gaustad - Penguins : 3 - Whalers : 5.
14:52 of 3rd period - Ryan Getzlaf wins face-off versus Chris Kelly in neutral zone.
15:23 of 3rd period - Slapshot by Andreas Johansson.
15:23 of 3rd period - Shot Blocked by Stephane Robidas.
15:25 of 3rd period - Snap shot by Ted Purcell.
15:25 of 3rd period - Stopped by Jonas Hiller with a rebound.
15:27 of 3rd period - Snap shot by Ryan Kesler.
15:27 of 3rd period - Shot Misses the Net.
15:46 of 3rd period - Off-side.
15:47 of 3rd period - Ryan Kesler wins face-off versus Chris Kelly in neutral zone.
16:26 of 3rd period - Off-side.
16:27 of 3rd period - T.J. Hensick wins face-off versus Chris Kelly in neutral zone.
16:32 of 3rd period - Snap shot by T.J. Hensick.
16:32 of 3rd period - Shot Misses the Net.
16:34 of 3rd period - Slapshot by Andy Delmore.
16:34 of 3rd period - Stopped by Jonas Hiller with a rebound.
16:36 of 3rd period - Snap shot by Mike Watt.
16:36 of 3rd period - Shot Blocked by Vitaly Vishnevsky.
16:38 of 3rd period - Slapshot by Andy Delmore.
16:38 of 3rd period - Deflect By Andy McDonald.
16:38 of 3rd period - Stopped by Jonas Hiller with a rebound.
16:40 of 3rd period - Wrist shot by Marc-Édouard Vlasic.
16:40 of 3rd period - Stopped by Jonas Hiller without a rebound.
16:41 of 3rd period - Chris Kelly wins face-off versus Ryan Kesler in Whalers zone.
16:46 of 3rd period - Andy Delmore is hit by Andy McDonald and loses puck.
17:41 of 3rd period - Off-side.
17:42 of 3rd period - Ryan Kesler wins face-off versus Chris Kelly in neutral zone.
17:45 of 3rd period - Stephane Robidas is hit by Ryan Kesler and loses puck.
18:08 of 3rd period - Martin Skoula is hit by Stephane Robidas and loses puck.
18:13 of 3rd period - Wrist shot by Michael Rupp.
18:13 of 3rd period - Stopped by Jason LaBarbera without a rebound.
18:14 of 3rd period - T.J. Hensick wins face-off versus Michael Rupp in Penguins zone.
19:03 of 3rd period - Snap shot by Nils Ekman.
19:03 of 3rd period - Shot Misses the Net.
19:15 of 3rd period - Slapshot by Michael Rupp.
19:15 of 3rd period - Deflect By Nils Ekman.
19:15 of 3rd period - Shot Blocked by Ryan Getzlaf.
19:15 of 3rd period - Puck is out of play.
19:16 of 3rd period - Ryan Getzlaf wins face-off versus Paul Gaustad in Penguins zone.
19:16 of 3rd period - Ryan Getzlaf is hit by Sami Kapanen.
19:46 of 3rd period - Slapshot by Ryan Kesler.
19:46 of 3rd period - Stopped by Jonas Hiller with a rebound.
19:48 of 3rd period - Wrist shot by Darcy Tucker.
19:48 of 3rd period - Shot Misses the Net.
19:50 of 3rd period - Snap shot by Andreas Johansson.
19:50 of 3rd period - Shot Misses the Net.
19:52 of 3rd period - Slapshot by Marc-Édouard Vlasic.
19:52 of 3rd period - Shot Misses the Net.
Output by the SimonT Hockey Simulator (STHS) for François Prévost -- Original Page W3C XHTML 1.0 Valid